cohdb
Replays
Latest Replays
All Replays
Popular Replays
Top Player Replays
Match Explorer
How It Works
Community
CoH3 Stats
Reddit
Sign in to upload your games and track your stats! →
Sign in with Steam
Match 43012575
Unlisted
Match 43012575
Overview
Messages
Build Orders
End
Construct Section Command Post
Selects Air and Sea Battlegroup
Dingo Light Scout Car
Dingo Light Scout Car
Dingo Light Scout Car
Dingo Light Scout Car
Selects Supply Surplus
Construct Resource Cache
Construct Resource Cache
Construct Resource Cache
Construct Platoon Command Post
6-pounder Anti-tank Gun Team
Construct Resource Cache
Construct Company Command Post
Infantry Section
Forward Retreat Point
Infantry Section
Infantry Section
Infantry Training
Unlock Towed 17-pounder Anti-tank Guns
17-pounder Anti-tank Gun Team
Selects UNKNOWN (223837)
Construct Resource Cache
Construct Resource Cache
Construct Resource Cache
Selects Assault Flares
17-pounder Anti-tank Gun Team
Team Weapon Training
17-pounder Anti-tank Gun Team
HelloFriends :D
dl5277
Zetty
matrix4x4
Space5
Vogot2
一十四叔
喜羊羊
0
0
Comments
sign in to comment!
No comments posted yet!